 Dungeon Crawl Stone Soup version 0.29.1-15-g9cfb28693d (webtiles) character file.

Game seed: 1253880356960453906

189 Farfigtubin the Chopper (level 5, 0/47 HPs)
             Began as a Hill Orc Fighter on Mar 9, 2023.
             Slain by a gnoll
             ... wielding a +0 club
             ... led by a gnoll bouda
              (3 damage)
             ... on level 4 of the Dungeon.
             The game lasted 00:09:55 (3170 turns).

Farfigtubin the Chopper (Hill Orc Fighter)          Turns: 3170, Time: 00:09:56

Health: 0/47       AC:  6    Str: 21    XL:     5   Next: 68%
Magic:  5/5        EV:  9    Int:  8    God:
Gold:   119        SH:  4    Dex: 10    Spells: 4/4 levels left

rFire   . . .      SeeInvis .   a - +0 war axe
rCold   . . .      Faith    .   c - +0 buckler
rNeg    . . .      Spirit   .   b - +0 scale mail
rPois   .          Reflect  .   (no helmet)
rElec   .          Harm     .   (no cloak)
rCorr   .          Rampage  .   (no gloves)
Will    .....                   (no boots)
Stlth   ..........              (no amulet)
HPRegen 0.15/turn               (no ring)
MPRegen 0.09/turn               (no ring)

@: weakened
A: no striking features
a: no special abilities


You were on level 4 of the Dungeon.
You visited 1 branch of the dungeon, and saw 4 of its levels.

You collected 119 gold pieces.

Inventory:

Hand Weapons
 a - a +0 war axe (weapon)
Missiles
 g - 48 stones (quivered)
 j - 9 poisoned darts
Armour
 b - a +0 scale mail (worn)
 c - a +0 buckler (worn)
Jewellery
 r - a ring of willpower
Wands
 q - a wand of flame (23)
Scrolls
 k - 2 scrolls of teleportation {unknown}
 n - 2 scrolls of identify {unknown}
 o - a scroll of poison {unknown}
 s - a scroll of noise {unknown}
 t - a scroll of amnesia {unknown}
Potions
 d - a potion of might
 e - 2 potions of degeneration {unknown}
 f - a potion of invisibility {unknown}
 h - a potion of heal wounds {unknown}
 i - a potion of attraction {unknown}
 l - a potion of lignification {unknown}
 m - a potion of curing {unknown}
 p - a potion of ambrosia {unknown}


   Skills:
 + Level 4.8 Fighting
 * Level 5.6 Axes
 - Level 3.2 Armour
 + Level 4.4 Shields


You had 4 spell levels left.
You didn't know any spells.
Your spell library contained the following spells:

 Spells                   Type           Power      Damage    Failure   Level
 Slow                     Hex            0%         N/A       83%         1
 Summon Small Mammal      Summ           0%         N/A       83%         1
 Call Canine Familiar     Summ           0%         N/A       99%         3
 Confusing Touch          Hex            0%         N/A       99%         3
 Summon Guardian Golem    Hex/Summ       0%         N/A       99%         3
 Vampiric Draining        Necr           0%         2d6       99%         3
 Fireball                 Conj/Fire      0%         3d3       100%        5
 Iskenderun's Battlesphe  Conj           0%         2d6       100%        5
 Conjure Ball Lightning   Conj/Air       0%         3x3d6     100%        6
 Orb of Destruction       Conj           0%         9d5       100%        7
 Spellforged Servitor     Conj/Summ      0%         N/A       100%        7


Dungeon Overview and Level Annotations

Branches:
Dungeon (4/15)
 Temple: D:4-7

Altars:
Trog

Annotations:
D:4 Menkaure


Message History

The gnoll bouda is almost dead.
You hit the gnoll. You block the gnoll bouda's attack.
The gnoll hits you but does no damage. The gnoll hits you with a +0 whip.
You closely miss the gnoll bouda.
The gnoll bouda is almost dead.
You barely miss the gnoll.
The gnoll bouda mumbles some strange prayers to its god.
The gnoll bouda is healed somewhat.
The gnoll barely misses you. You block the gnoll's attack.
The gnoll bouda gazes fiercely through you!
You feel as though you will be weak longer.
The gnoll bouda hits you with a +0 whip.
You block the gnoll's attack.
You closely miss the gnoll bouda.
The gnoll bouda is severely wounded.
You hit the gnoll.
You kill the gnoll!
The gnoll is no longer moving quickly.
The gnoll bouda barks out a call to the hunt!
The gnoll picks up the pace!
The gnoll hits you from afar with a +0 spear.
A gnoll comes into view. It is wielding a +0 club.
The gnoll shouts!
You closely miss the gnoll bouda.
The gnoll bouda is heavily wounded.
The gnoll bouda barks out a call to the hunt!
The gnoll picks up the pace!
The gnoll closely misses you.
You barely miss the gnoll bouda.
The gnoll bouda is heavily wounded.
The gnoll bouda hits you with a +0 whip.
The gnoll closely misses you.
The gnoll bouda hits you with a +0 whip!
* * * LOW HITPOINT WARNING * * *
The gnoll hits you from afar with a +0 spear.
* * * LOW HITPOINT WARNING * * *
You hit the gnoll bouda but do no damage.
The gnoll bouda is heavily wounded.
You hit the gnoll. The gnoll hits you with a +0 club.
You die...

####..####.#####..##########.###.
#.....)..........................
...#.######g#####.###########.##.
...#.# #..# #g# #.### .###.# ##.#
#.# #...# .# #.# #.# #.######
###.# .###.#######.####.....>#
#.. ..##.##........###.....# ##.
#.....#.......gg@).....# ##..
####............g#.....# #...
#..........#..#...^.# #...
#...#########.####### #... #####
### ##.. ##.. #... #... #...


You could see a gnoll bouda and 2 gnolls.

Vanquished Creatures
  An iguana (D:4)
  2 gnolls (D:4)
  5 adders
  5 worms
  5 dart slugs
  5 orcs
  7 bats
  4 endoplasms
  A giant cockroach (D:2)
  6 goblins
  6 hobgoblins
  2 jackals (D:2)
  5 kobolds
  3 quokkas
  6 ball pythons
  A frilled lizard (D:3)
  7 rats
71 creatures vanquished.

Vanquished Creatures (others)
  17 plants (D:3)
17 creatures vanquished.

Grand Total: 88 creatures vanquished

Notes
Turn   | Place    | Note
-------+----------+-------------------------------------------
     0 | D:1      | Farfigtubin the Hill Orc Fighter began the quest for the
                  | Orb.
     0 | D:1      | Reached XP level 1. HP: 19/19 MP: 1/1
    66 | D:1      | Reached skill level 3 in Axes
   103 | D:2      | Reached XP level 2. HP: 24/27 MP: 2/2
   326 | D:2      | Reached XP level 3. HP: 30/33 MP: 3/3
   376 | D:2      | Reached skill level 4 in Axes
   948 | D:2      | Reached XP level 4. HP: 40/40 MP: 4/4
  1214 | D:2      | Found a bloodstained altar of Trog.
  2190 | D:3      | Reached skill level 5 in Axes
  2469 | D:3      | Reached XP level 5. HP: 46/47 MP: 5/5
  3038 | D:4      | Noticed Menkaure
  3169 | D:4      | HP: 2/47 [gnoll/+0 spear[a gnoll bouda] (6)]
  3170 | D:4      | Slain by a gnoll

Illustrated notes

Levels and vault maps discovered:
D:1:      dpeg_arrival_subterranean_lakeside_camping, layout_basic,
          shapermc_ecumenical_altar_flowoftime
D:2:      layout_basic, basic_altar
D:3:      layout_loops_cross, serial_bayou, serial_bayou_lagoon_b,
          serial_bayou_pond_b, serial_bayou_pond_e, serial_bayou_lake_a,
          minmay_joined_circles
D:4:      layout_rooms, uniq_menkaure

Skill      XL: |  1  2  3  4 |
---------------+-------------+-----
Axes           | 3 4 5 |  5.6
Fighting       | 4 |  4.8
Shields        | 4 |  4.4
Armour         | |  3.2

Action                   |  1- 3 |  4- 6 || total
-------------------------+-------+-------++-------
Melee: War axe           |    88 |   151 ||   239
Armor: Scale mail        |    45 |    52 ||    97
Dodge: Dodged            |    37 |    67 ||   104
Block: Buckler           |    21 |    34 ||    55
